 Dungeon Sprint DCSS version 0.15-a0-2112-gb4a2680 (webtiles) character file.

1247 fransbal the Thaumaturge (level 8, -2/44 HPs)
             Began as a Deep Elf Venom Mage on July 15, 2014.
             Was the Champion of Sif Muna.
             Slain by a five-headed hydra (12 damage)
             ... in the Dungeon (Sprint IX: "|||||||||||||||||||||||||||||").
             The game lasted 00:04:05 (683 turns).

fransbal the Thaumaturge (Deep Elf Venom Mage)       Turns: 683, Time: 00:04:05

HP  -2/44        AC 12     Str  5      XL: 8   Next: 25%
MP   9/31        EV 14     Int 23      God: Sif Muna [******]
Gold 0           SH  0     Dex 15      Spells:  5 memorised, 17 levels left

rFire  . . .     SeeInvis .     q - +2 dire flail (protect)
rCold  . . .     Clarity  .     a - +0 robe
rNeg   . . .     rCorr    .     (no shield)
rPois  .         rRot     .     (no helmet)
rElec  .         Spirit   .     (no cloak)
SustAb .         Warding  .     r - +0 pair of gloves
rMut   .         NoTele   +     (no boots)
Gourm  .                        (no amulet)
MR     .....                    t - +2 ring of protection
                                s - +2 ring of protection

@: not resistant to hostile enchantments, unstealthy
A: no striking features
a: Channel Energy, Forget Spell, Renounce Religion


You were in the Dungeon.
You worshipped Sif Muna.
Sif Muna was exalted by your worship.
You were not hungry.

You visited 1 branch


   Skills:
 + Level 2.2 Fighting
 + Level 4.3 Dodging
 - Level 2.4 Stealth
 + Level 13.3 Spellcasting
 + Level 11.2 Conjurations
 - Level 11.6 Poison Magic


You had 17 spell levels left.
You knew the following spells:

 Your Spells              Type           Power        Failure   Level  Hunger
a - Sting                 Conj/Pois      ####         1%          1    None
d - Fireball              Conj/Fire      #####.....   14%         5    ##.....
i - Cure Poison           Pois           ######....   1%          2    None
B - Venom Bolt            Conj/Pois      ######....   1%          5    ##.....
C - Mephitic Cloud        Conj/Pois/Air  ######..     1%          3    None

Inventory:

Hand weapons
 q - a +2 dire flail of protection (weapon)
Armour
 a - a +0 robe (worn)
 r - a +0 pair of gloves (worn)
Magical devices
 o - a wand of cold (0)
Comestibles
 c - a bread ration
Scrolls
 i - 2 scrolls of blinking
 m - 3 scrolls of remove curse
 n - 2 scrolls of amnesia
Jewellery
 s - a +2 ring of protection (left hand)
 t - a +2 ring of protection (right hand)
Potions
 d - 5 potions of curing
 e - 3 potions of heal wounds
 f - a potion of haste
 g - 4 potions of magic
 h - a potion of berserk rage {!q}
 l - a potion of invisibility
Books
 b - a Young Poisoner's Handbook

   Spells                             Type                      Level
   *Sting                             Conjuration/Poison           1
   *Cure Poison                       Poison                       2
   *Mephitic Cloud                    Conjuration/Poison/Air       3
   Olgreb's Toxic Radiance            Poison                       4
   *Venom Bolt                        Conjuration/Poison           5
 j - a book of the Tempests

   Spells                             Type                      Level
   Static Discharge                   Conjuration/Air              3
   Lightning Bolt                     Conjuration/Air              5
   *Fireball                          Conjuration/Fire             5
   Tornado                            Air                          9
   Shatter                            Earth                        9
Magical staves
 p - an uncursed staff of energy {!a}


Message History

The five-headed hydra barely misses you.
The five-headed hydra bites you but does no damage.
Unknown command.
Casting: Venom Bolt
Confirm with . or Enter, or press ? or * to list all spells.
Aiming: Venom Bolt
Press: ? - help, Shift-Dir - straight line, f/p - five-headed hydra
Aim: a five-headed hydra (heavily wounded)
The bolt of poison hits the five-headed hydra.
The five-headed hydra is severely wounded.
The bolt of poison hits the giant spore.
The giant spore explodes!
A fungus suddenly grows.
The explosion of spores engulfs the hungry ghost.
An active ballistomycete comes into view.
The five-headed hydra completely misses you.
The five-headed hydra bites you!
* * * LOW HITPOINT WARNING * * *
The five-headed hydra bites you!
You die...

#.#
#.#
#)#
#.#
#)#
#%#
#.#
#.#
#@#
#D#
#P#
#.#
#%#
#.#
#.#
#W#
#+#


You could see a five-headed hydra, a hungry ghost and an active ballistomycete.

Vanquished Creatures
  An unseen horror (D)
  A troll (D)
  A two-headed ogre (D)
  A hippogriff (D)
  A giant frog (D)
  A jelly (D)
  A quasit (D)
  An iguana (D)
  An adder (D)
  2 orcs (D)
  2 bats (D)
  2 hobgoblins (D)
  A kobold (D)
  A quokka (D)
  A giant gecko (D)
  A giant spore (D)
  A rat (D)
20 creatures vanquished.

Notes
Turn   | Place    | Note
--------------------------------------------------------------
     0 | D        | fransbal, the Deep Elf Venom Mage, began the quest for the Orb.
     0 | D        | Reached XP level 1. HP: 10/10 MP: 5/5
    10 | D        | Reached skill level 1 in Conjurations
    52 | D        | Reached skill level 5 in Poison Magic
   265 | D        | Reached XP level 2. HP: 15/15 MP: 6/9
   270 | D        | Reached skill level 3 in Conjurations
   297 | D        | Found a glowing silver altar of Zin.
   297 | D        | Found a glowing golden altar of the Shining One.
   297 | D        | Found an ancient bone altar of Kikubaaqudgha.
   297 | D        | Found a basalt altar of Yredelemnul.
   297 | D        | Found a shimmering altar of Xom.
   297 | D        | Found a radiant altar of Vehumet.
   297 | D        | Found an iron altar of Okawaru.
   298 | D        | Found a burning altar of Makhleb.
   299 | D        | Found a deep blue altar of Sif Muna.
   300 | D        | Found a bloodstained altar of Trog.
   301 | D        | Found a sparkling altar of Nemelex Xobeh.
   308 | D        | Found a white marble altar of Elyvilon.
   309 | D        | Found a roughly hewn altar of Beogh.
   310 | D        | Found a viscous altar of Jiyva.
   311 | D        | Found a corrupted altar of Lugonu.
   312 | D        | Found a blossoming altar of Fedhas.
   313 | D        | Found a snail-covered altar of Cheibriados.
   314 | D        | Found a shadowy altar of Dithmenos.
   316 | D        | Became a worshipper of Sif Muna the Loreminder
   318 | D        | Found a stormy altar of Qazlal.
   319 | D        | Found an opulent altar of Gozag.
   370 | D        | Learned a level 2 spell: Cure Poison
   370 | D        | Noticed a two-headed ogre
   370 | D        | Noticed an iguana
   370 | D        | Noticed a hippogriff
   370 | D        | Noticed a quasit
   373 | D        | Killed an iguana
   373 | D        | Reached skill level 6 in Spellcasting
   373 | D        | Reached skill level 6 in Poison Magic
   373 | D        | Reached XP level 3. HP: 12/19 MP: 13/15
   374 | D        | Killed a two-headed ogre
   374 | D        | Acquired Sif Muna's first power
   374 | D        | Acquired Sif Muna's second power
   374 | D        | Acquired Sif Muna's third power
   374 | D        | Reached skill level 9 in Spellcasting
   374 | D        | Reached skill level 9 in Poison Magic
   374 | D        | Reached XP level 4. HP: 15/24 MP: 14/22
   374 | D        | Reached XP level 5. HP: 17/28 MP: 15/24
   374 | D        | Reached XP level 6. HP: 19/32 MP: 15/25
   374 | D        | Killed a hippogriff
   374 | D        | Reached skill level 11 in Spellcasting
   374 | D        | Killed a quasit
   374 | D        | Reached skill level 9 in Conjurations
   376 | D        | HP: 6/32 [something (10)]
   379 | D        | Killed an unseen horror
   379 | D        | Received a gift from Sif Muna
   379 | D        | Reached skill level 12 in Spellcasting
   379 | D        | Reached XP level 7. HP: 4/36 MP: 14/29
   658 | D        | Learned a level 3 spell: Mephitic Cloud
   664 | D        | Learned a level 5 spell: Venom Bolt
   670 | D        | Learned a level 5 spell: Fireball
   679 | D        | Noticed a troll
   679 | D        | Noticed a five-headed hydra
   679 | D        | Noticed a jelly
   679 | D        | Noticed a giant frog
   679 | D        | Noticed a hungry ghost
   681 | D        | Killed a troll
   681 | D        | Received a gift from Sif Muna
   681 | D        | Reached skill level 1 in Fighting
   681 | D        | Reached skill level 3 in Dodging
   681 | D        | Reached skill level 13 in Spellcasting
   681 | D        | Reached XP level 8. HP: 40/44 MP: 19/31
   682 | D        | Killed a jelly
   682 | D        | Killed a giant frog
   683 | D        | Slain by a five-headed hydra

Vault maps used:
D:        linesprint

Action                   |  1- 3 |  4- 6 |  7- 9 || total
-------------------------+-------+-------+-------++-------
Melee: Unarmed           |    17 |       |       ||    17
 Cast: Sting             |    17 |     2 |       ||    19
       Fireball          |       |       |     1 ||     1
       Venom Bolt        |       |       |     3 ||     3
Evoke: Wand              |     3 |     3 |     1 ||     7
